 Dungeon Crawl Stone Soup version 0.20.0-7-g3b7b877 (webtiles) character file.

109959 Peloso the Peltast (level 16, 0/149 HPs)
             Began as a Minotaur Fighter on May 29, 2017.
             Was the Champion of Okawaru.
             Slain by a sun demon (13 damage)
             ... summoned by an orc high priest
             ... while paralysed by an orc sorcerer
             ... on level 2 of the Orcish Mines.
             The game lasted 01:37:50 (23480 turns).

Peloso the Peltast (Minotaur Fighter)              Turns: 23480, Time: 01:37:53

Health: 0/149      AC: 16    Str: 32    XL:     16   Next: 6%
Magic:  15/16      EV:  2    Int:  5    God:    Okawaru [******]
Gold:   1995       SH:  0    Dex: 23    Spells: 15/15 levels left

rFire    . . .     SeeInvis .   T - +5 falchion of Zin's Generosity {slice, +Blink rPois Str+3}
rCold    . . .     Gourm    .   c - +0 shield
rNeg     + . .     Faith    .   S - +6 scale mail of Vanuss {rN+ rCorr}
rPois    +         Spirit   .   O - +1 hat "Muarghuh" {*Contam rElec Regen+ Slay+4}
rElec    +         Reflect  +   w - scarf {repulsion}
rCorr    +         Harm     .   G - +1 pair of gloves {Str+3}
MR       +....                  (no boots)
Stlth    +++.......             n - +2 amulet of reflection
Regen    0.8/turn               A - +5 ring of dexterity
MPRegen  0.2/turn               V - +6 ring of dexterity

@: paralysed, heroism, corroded, drained, repel missiles
A: retaliatory headbutt, horns 2
a: Heroism, Finesse, Renounce Religion, Evoke Blink


You were on level 2 of the Orcish Mines.
You worshipped Okawaru.
Okawaru was exalted by your worship.
You were not hungry.

You visited 4 branches of the dungeon, and saw 24 of its levels.
You visited the Abyss 1 time.
You also visited: Labyrinth and Volcano.

You collected 2306 gold pieces.
You spent 311 gold pieces at shops.

Inventory:

Hand Weapons
 D - a +1 scimitar of flaming
 T - the +5 falchion of Zin's Generosity (weapon) {slice, +Blink rPois Str+3}
   (You found it on level 12 of the Dungeon)

   It inflicts extra damage upon your enemies.
   It affects your strength (+3).
   It protects you from poison.
   It lets you blink.
 W - a +2 long sword of slicing
Armour
 c - a +0 shield (worn)
 h - a +2 hat
 w - a scarf of repulsion (worn)
 G - a +1 pair of gloves of strength (worn)
 O - the +1 hat "Muarghuh" (worn) {*Contam rElec Regen+ Slay+4}
   (Okawaru gifted it to you on level 11 of the Dungeon)

   It affects your accuracy and damage with ranged weapons and melee attacks
   (+4).
   It insulates you from electricity.
   It causes magical contamination when unequipped.
   It increases your rate of regeneration.
 S - the +6 scale mail of Vanuss (worn) {rN+ rCorr}
   (You found it on level 9 of the Dungeon)

   It protects you from negative energy.
   It protects you from acid and corrosion.
Jewellery
 k - an uncursed ring of flight
 l - an uncursed ring of see invisible
 n - a +2 amulet of reflection (around neck)
 A - a +5 ring of dexterity (left hand)
 C - an uncursed ring of protection from cold
 V - a +6 ring of dexterity (right hand)
Wands
 z - a wand of disintegration (4/24)
Scrolls
 a - 4 scrolls of fear
 e - 2 scrolls of identify
 m - 4 scrolls of remove curse
 x - 3 scrolls of recharging
 J - 3 scrolls of magic mapping
 Z - a scroll of summoning
Potions
 g - 2 potions of resistance
 o - 6 potions of curing
 p - 4 potions of haste
 s - 7 potions of heal wounds
 t - 5 potions of agility
 B - 4 potions of berserk rage
 H - 2 potions of might
 N - a potion of invisibility
 Y - a potion of flight
Comestibles
 b - a chunk of flesh
 d - 16 fruits
 f - 13 bread rations
 i - 9 royal jellies
 j - 13 meat rations


   Skills:
 + Level 15.2(19.9) Fighting
   Level 2.5(15.8) Short Blades
 + Level 17.4(22.1) Long Blades
 + Level 13.8(18.5) Armour
 + Level 7.6(12.3) Dodging
 + Level 3.9(8.6) Stealth
 + Level 17.9(22.5) Shields
 + Level 2.0(1.7) Invocations
 + Level 0.5(0.2) Evocations


You had 15 spell levels left.
You didn't know any spells.

Dungeon Overview and Level Annotations

Branches:
Dungeon (15/15)            Temple (1/1) D:4            Lair (6/6) D:8
  Swamp (0/4) Lair:4       Spider (0/4) Lair:4        Slime (0/5) Lair:5
    Orc (2/2) D:12            Elf (0/3) Orc:2        Vaults (0/5) D:14
 Depths (0/5) D:15

Altars:
Ashenzari
Cheibriados
Dithmenos
Elyvilon
Fedhas
Gozag
Hepliaklqana
Kikubaaqudgha
Makhleb
Nemelex Xobeh
Okawaru
Qazlal
Ru
Sif Muna
Trog
Uskayaw
Vehumet
Xom
Yredelemnul
Zin
The Shining One
Beogh
Jiyva

Shops:
D:7 (   D:11 [   D:13 !   Orc:2 *[[


Innate Abilities, Weirdness & Mutations

You reflexively headbutt those who attack you in melee.
You have a pair of horns on your head.


Message History

The sun demon hits you but does no damage.
The orc sorcerer hits you but does no damage.
The sun demon hits you!
You are engulfed in flames!
The orc high priest hits you but does no damage.
The rust devil hits you!
The sun demon hits you but does no damage.
The sun demon hits you.
You are engulfed in flames!
The orc sorcerer points at you and mumbles some strange words.
Helpless, you fail to dodge the bolt of negative energy.
You partially resist.
You feel drained. The sun demon hits you!!
You are engulfed in flames!
The rust devil hits you. The rust devil corrodes you! The sun demon hits you!
* * * LOW HITPOINT WARNING * * *
You are engulfed in flames!!
* * * LOW HITPOINT WARNING * * *
The orc high priest hits you with a mace.
* * * LOW HITPOINT WARNING * * *
The sun demon hits you!
You die...

..#.).....# ##
....).....#
..........#####
......>..##...###
..).....##..)...##
...)...##...)....###
....÷..#.).)##(....#
...).)##.))####..4.##
...).)#....##..o@3..#
..))))(...##.÷43oo..÷#
....).....##.........#
..........###÷..§....#
..........# #..÷.....#
..........# #.÷..÷...#
............##......##
............##∩....∩#
...........##


You could see 2 orc high priests, 2 sun demons, a hellwing, a rust devil and an
orc sorcerer.

Vanquished Creatures
  Gastronok (Orc:1)
  Frances (D:12)
  A minotaur (Lab)
  Josephine (D:12)
  A fire dragon (D:15)
  Harold (D:10)
  Erolcha (D:9)
  13 hydras
  A rakshasa (D:14)
  6 centaur warriors
  An ice dragon (D:15)
  2 dancing weapons (D:14)
  9 two-headed ogres
  An ogre mage (D:15)
  An orc high priest (Orc:2)
  Sonja (Lair:4)
  The ghost of Kisielow the Carver, a novice MiFi of Okawaru (D:7)
  A fire crab (Volcano)
  A skeletal warrior (D:11)
  4 unseen horrors
  7 orc knights
  A lindwurm (Lair:6)
  An orb spider (Lair:4)
  An oklob plant (Lair:4)
  5 orc sorcerers
  2 deep elf magi
  A manticore (D:11)
  3 cyclopes
  A wolf spider (Lair:6)
  17 ugly things
  3 centaur zombies (D:15)
  A guardian serpent (Lair:6)
  14 elephants
  Maurice (D:12)
  10 black mambas
  4 gargoyles
  19 spiny frogs
  2 rime drakes
  2 kobold demonologists
  7 komodo dragons
  An efreet (D:14)
  A merfolk (D:9)
  A polar bear (Lair:5)
  A troll (D:11)
  A tyrant leech (Lair:4)
  5 hornets
  13 blink frogs
  13 hippogriffs
  7 dream sheep (Lair:4)
  A water elemental (D:13)
  10 wyverns
  2 redbacks
  2 shadows (Lab)
  40 yaks
  A spriggan (Lair:5)
  8 wraiths
  10 fire bats (Volcano)
  4 basilisks
  2 steam dragons (Volcano)
  7 hungry ghosts
  2 swamp worms (Lair:4)
  6 vampire mosquitoes
  2 wargs
  An acid dragon (D:14)
  17 water moccasins
  3 hell hounds (Volcano)
  2 eyes of draining
  24 orc warriors
  10 porcupines
  3 ice beasts
  10 sky beasts
  A hornet zombie (D:10)
  A phantom (D:12)
  18 ogres
  3 black bears
  15 centaurs
  19 wolves
  10 crocodiles
  2 big kobolds
  Blork the orc (D:6)
  23 bullfrogs
  A wyvern zombie (D:11)
  3 wyvern skeletons
  6 scorpions
  A water moccasin skeleton (D:11)
  11 jellies
  A troll skeleton (Lab)
  17 wights
  5 electric eels (D:13)
  5 howler monkeys
  A spriggan skeleton (Lab)
  7 crimson imps
  10 hounds
  2 lava snakes (D:14)
  4 bullfrog zombies
  17 orc priests
  A gnoll shaman (D:7)
  29 orc wizards
  4 bullfrog skeletons
  A quasit (D:11)
  5 centaur skeletons
  5 iguanas
  12 worker ants
  A killer bee zombie (D:9)
  An ogre skeleton (Lab)
  A hound skeleton (D:11)
  A worker ant zombie (D:8)
  5 gnolls (D:7)
  A howler monkey skeleton (D:7)
  16 adders
  A hound simulacrum (D:11)
  5 shadow imps
  12 oozes (Lair:4)
  An adder zombie (D:6)
  4 worms
  5 adder skeletons
  2 dart slugs
  7 leopard geckos
  106 orcs
  6 giant cockroaches
  7 goblins
  11 hobgoblins
  4 jackals
  13 kobolds
  2 quokkas
  A ball python (D:3)
  3 bats
  7 frilled lizards
  2 jackal skeletons
  3 leopard gecko skeletons
  2 quokka skeletons (D:9)
  7 rats
  2 fungi
  3 plants
844 creatures vanquished.

Vanquished Creatures (others)
  A centaur warrior (D:14)
  A yaktaur (D:11)
  3 centaurs
  10 fungi
  4 plants
19 creatures vanquished.

Grand Total: 863 creatures vanquished

Notes
Turn   | Place    | Note
-------+----------+-------------------------------------------
     0 | D:1      | Peloso the Minotaur Fighter began the quest for the Orb.
     0 | D:1      | Reached XP level 1. HP: 19/19 MP: 0/0
   230 | D:1      | Reached XP level 2. HP: 27/27 MP: 1/1
   782 | D:2      | Reached XP level 3. HP: 33/33 MP: 2/2
  1383 | D:3      | Reached XP level 4. HP: 30/40 MP: 3/3
  1798 | D:3      | Reached XP level 5. HP: 47/47 MP: 4/4
  2309 | D:4      | Found a staircase to the Ecumenical Temple.
  2318 | Temple   | Entered the Ecumenical Temple
  2420 | Temple   | Became a worshipper of Warmaster Okawaru
  2522 | D:4      | Reached skill level 5 in Long Blades
  2859 | D:5      | Entered Level 5 of the Dungeon
  2880 | D:5      | Got a warped dagger
  2887 | D:5      | Noticed a water moccasin
  2895 | D:5      | Killed a water moccasin
  2895 | D:5      | Reached XP level 6. HP: 53/53 MP: 5/5
  2908 | D:5      | Reached skill level 5 in Shields
  2934 | D:4      | Identified the cursed +1 dagger of Oqefiwy {pain, +Inv rPois} (You found it on level 5 of the Dungeon)
  2964 | D:5      | Reached * piety under Okawaru
  3005 | D:5      | You fall through a shaft for 3 floors!
  3068 | D:8      | Reached skill level 5 in Armour
  3068 | D:8      | Reached XP level 7. HP: 47/60 MP: 6/6
  3131 | D:7      | Noticed Kisielow's ghost (novice MiFi)
  3153 | D:7      | Reached skill level 5 in Fighting
  3592 | D:7      | Reached ** piety under Okawaru
  3700 | D:7      | Found Asausami's Antique Weapon Emporium.
  3736 | D:7      | Reached XP level 8. HP: 69/69 MP: 7/7
  3953 | D:7      | Killed Kisielow's ghost
  3953 | D:7      | Reached *** piety under Okawaru
  3953 | D:7      | Reached skill level 1 in Dodging
  4237 | D:6      | Found a shadowy altar of Dithmenos.
  4283 | D:6      | Received a gift from Okawaru
  4295 | D:6      | Noticed Blork the orc
  4300 | D:6      | Killed Blork the orc
  4300 | D:6      | Reached XP level 9. HP: 72/75 MP: 8/8
  4319 | D:5      | Found a basalt altar of Yredelemnul.
  4322 | D:5      | Found a hide-covered altar of Uskayaw.
  4325 | D:5      | Found a hazy altar of Hepliaklqana.
  4326 | D:5      | Found a deep blue altar of Sif Muna.
  4326 | D:5      | Found a bloodstained altar of Trog.
  4882 | D:6      | Reached skill level 10 in Long Blades
  5656 | D:7      | Reached **** piety under Okawaru
  6191 | D:8      | Noticed a two-headed ogre
  6200 | D:8      | Killed a two-headed ogre
  6200 | D:8      | Reached XP level 10. HP: 48/86 MP: 9/9
  6284 | D:8      | Reached ***** piety under Okawaru
  6657 | D:8      | Found a staircase to the Lair.
  7084 | D:9      | Noticed a two-headed ogre
  7092 | D:9      | Killed a two-headed ogre
  7108 | D:9      | You fall through a shaft for 3 floors!
  7401 | D:12     | Noticed Maurice
  7401 | D:12     | Noticed a cyclops
  7425 | D:12     | Killed Maurice
  7437 | D:12     | Received a gift from Okawaru
  7437 | D:12     | Reached skill level 10 in Shields
  7451 | D:12     | Killed a cyclops
  7452 | D:12     | Noticed a gargoyle
  7466 | D:12     | Killed a gargoyle
  7620 | D:12     | Reached XP level 11. HP: 89/95 MP: 10/10
  7726 | D:12     | Reached skill level 10 in Armour
  7847 | D:12     | Found a stormy altar of Qazlal.
  7851 | D:12     | Got a translucent trident
  7852 | D:12     | Identified the +8 trident "Dutoss" {pierce, rN+} (You found it on level 12 of the Dungeon)
  8099 | D:11     | Found Zaolyk's Antique Armour Shoppe.
  8106 | D:11     | Bought a pair of runed gloves for 142 gold pieces
  8261 | D:11     | Noticed a green ugly thing
  8272 | D:11     | Killed a green ugly thing
  8272 | D:11     | Received a gift from Okawaru
  8304 | D:10     | Entered Level 10 of the Dungeon
  8730 | D:9      | Noticed Erolcha
  8742 | D:9      | Killed Erolcha
  8986 | D:9      | You fall through a shaft for 2 floors!
  9106 | D:11     | Noticed a two-headed ogre
  9120 | D:11     | Killed a two-headed ogre
  9144 | D:11     | Noticed a two-headed ogre
  9165 | D:11     | Killed a two-headed ogre
  9165 | D:11     | Received a gift from Okawaru
  9173 | D:11     | Got a twisted hat {god gift}
  9199 | D:11     | Noticed a two-headed ogre
  9221 | D:11     | Killed a two-headed ogre
  9230 | D:11     | Identified the +1 hat "Muarghuh" {*Contam rElec Regen+ Slay+4} (Okawaru gifted it to you on level 11 of the Dungeon)
  9362 | D:11     | Reached skill level 10 in Fighting
  9440 | D:11     | Noticed a two-headed ogre
  9453 | D:11     | Killed a two-headed ogre
  9458 | D:11     | Reached XP level 12. HP: 59/106 MP: 11/11
  9832 | D:9      | Noticed a seven-headed hydra
  9839 | D:9      | Killed a seven-headed hydra
  9858 | D:9      | Noticed a centaur warrior
  9858 | D:9      | Noticed a centaur warrior
  9864 | D:9      | Killed a centaur warrior
  9871 | D:9      | Killed a centaur warrior
  9890 | D:9      | Got an ancient scale mail
  9894 | D:9      | Got a pair of brightly glowing boots
  9900 | D:9      | Identified the +2 pair of boots of the Lobster {rPois rF+ Dex-4} (You found it on level 9 of the Dungeon)
  9921 | D:9      | Noticed a centaur warrior
  9932 | D:9      | Killed a centaur warrior
 10378 | D:10     | Noticed Harold
 10384 | D:10     | Killed Harold
 11013 | D:10     | Identified the +6 scale mail of Vanuss {rN+ rCorr} (You found it on level 9 of the Dungeon)
 11226 | D:9      | Received a gift from Okawaru
 11270 | Lair:1   | Entered Level 1 of the Lair of Beasts
 11578 | Lair:1   | Noticed a six-headed hydra
 11588 | Lair:1   | Killed a six-headed hydra
 11815 | Lair:1   | Noticed a seven-headed hydra
 11825 | Lair:1   | Killed a seven-headed hydra
 11865 | Lair:1   | Reached skill level 15 in Long Blades
 11948 | Lair:1   | Noticed an eight-headed hydra
 11956 | Lair:1   | Killed an eight-headed hydra
 11956 | Lair:1   | Reached skill level 1 in Short Blades
 12356 | Lair:1   | You fall through a shaft!
 12394 | Lair:2   | Found a labyrinth entrance.
 12407 | Lab      | Entered a labyrinth
 12425 | Lab      | Reached skill level 1 in Invocations
 12515 | Lab      | Reached XP level 13. HP: 116/116 MP: 12/12
 12573 | Lab      | Reached ****** piety under Okawaru
 12573 | Lab      | Reached skill level 1 in Stealth
 12675 | Lab      | Noticed a minotaur
 12683 | Lab      | Killed a minotaur
 12939 | Lair:2   | Received a gift from Okawaru
 14446 | Lair:4   | Noticed Sonja
 14449 | Lair:4   | Cast into level 1 of the Abyss (Sonja)
 14449 | Abyss:1  | Found a corrupted altar of Lugonu.
 14455 | Lair:4   | Escaped the Abyss
 14542 | Lair:4   | Got a crude scale mail
 14597 | Lair:4   | Found a hole to the Spider Nest.
 14613 | Lair:4   | Received a gift from Okawaru
 14857 | Lair:4   | Killed Sonja
 15042 | Lair:4   | Found a staircase to the Swamp.
 15252 | Lair:1   | Identified the +3 scale mail of Onenool {+Fly} (You found it on level 4 of the Lair of Beasts)
 15783 | Lair:5   | Reached skill level 5 in Dodging
 15905 | Lair:5   | Reached XP level 14. HP: 127/127 MP: 14/14
 16014 | Lair:5   | Found a viscous altar of Jiyva.
 16014 | Lair:5   | Found a staircase to the Slime Pits.
 16542 | Lair:6   | Entered Level 6 of the Lair of Beasts
 16686 | Lair:6   | Reached skill level 15 in Shields
 16738 | Lair:6   | Received a gift from Okawaru
 16753 | Lair:6   | Got a slimy double sword {god gift}
 16754 | Lair:6   | Identified the +5 double sword of Watchfulness {drain, rPois Str-2 Int+6 Stlth+} (Okawaru gifted it to you on level 6 of the Lair of Beasts)
 17169 | Lair:6   | Received a gift from Okawaru
 18275 | D:11     | Identified Qitym's Reference Book on Unstable Intoxication
 18452 | D:12     | Found a staircase to the Orcish Mines.
 18452 | D:12     | Noticed Frances
 18463 | D:12     | Killed Frances
 18463 | D:12     | Received a gift from Okawaru
 18543 | D:12     | Noticed Josephine
 18550 | D:12     | Killed Josephine
 18550 | D:12     | Reached XP level 15. HP: 139/139 MP: 15/15
 18753 | D:12     | Got a faintly glowing falchion
 18755 | D:12     | Identified the +5 falchion of Zin's Generosity {slice, +Blink rPois Str+3} (You found it on level 12 of the Dungeon)
 19067 | D:13     | Found Imuym's Distillery.
 19082 | D:13     | Bought a potion of flight for 39 gold pieces
 19082 | D:13     | Bought a potion of heal wounds for 65 gold pieces
 19082 | D:13     | Bought a potion of berserk rage for 65 gold pieces
 20286 | D:14     | Found a gate to the Vaults.
 20494 | D:14     | Received a gift from Okawaru
 21144 | D:15     | Entered Level 15 of the Dungeon
 21150 | D:15     | Got a flickering glass ring
 21244 | D:15     | Found a roughly hewn altar of Beogh.
 21444 | D:15     | Reached skill level 15 in Fighting
 21552 | D:15     | Received a gift from Okawaru
 21591 | D:15     | Found a staircase to the Depths.
 22301 | Lair:1   | Identified the ring of Zios {*Drain *Slow +Inv rC+ rN+ Str+3} (You found it on level 15 of the Dungeon)
 22439 | Orc:1    | Entered Level 1 of the Orcish Mines
 22472 | Orc:1    | Found a dark tunnel.
 22481 | Volcano  | Entered a volcano
 22871 | Orc:2    | Entered Level 2 of the Orcish Mines
 22930 | Orc:2    | Found Gulankurph's Antique Armour Shoppe.
 22955 | Orc:1    | Noticed Gastronok
 22980 | Orc:1    | Killed Gastronok
 23148 | Orc:2    | Found a staircase to the Elven Halls.
 23209 | Orc:2    | Reached XP level 16. HP: 144/149 MP: 16/16
 23244 | Orc:2    | Paralysed by an orc sorcerer for 4 turns
 23476 | Orc:2    | Found Yciweisuo's General Store.
 23476 | Orc:2    | Found Luemiot's Armour Shop.
 23476 | Orc:2    | Paralysed by an orc sorcerer for 6 turns
 23480 | Orc:2    | Slain by a sun demon

Skill      XL: |  1  2  3  4  5  6  7  8  9 10 11 12 13 14 15 16 |
---------------+-------------------------------------------------+-----
Fighting       | 4 5 6 7 8 10 11 12 14 15 | 15.2
Shields        | 4 5 7 9 10 11 13 14 16 17 | 17.9
Long Blades    | 3 4 5 6 8 9 11 12 14 15 16 17 | 17.4
Armour         | 4 5 6 7 8 9 10 12 13 | 13.8
Dodging        | 1 2 3 5 6 7 |  7.6
Short Blades   | 1 2 |  2.5
Invocations    | 1 2 |  2.0
Stealth        | 1 2 3 |  3.9
Evocations     | |  0.5

Action                   |  1- 3 |  4- 6 |  7- 9 | 10-12 | 13-15 | 16-18 || total
-------------------------+-------+-------+-------+-------+-------+-------++-------
Melee: Long sword        |   107 |    96 |       |       |       |       ||   203
       Headbutt          |    10 |    24 |    74 |   216 |   457 |    24 ||   805
       Falchion          |       |    10 |   283 |   634 |   548 |    64 ||  1539
       Dagger            |       |       |       |    20 |    44 |       ||    64
       Demon blade       |       |       |       |       |   307 |       ||   307
       Double sword      |       |       |       |       |   273 |       ||   273
Invok: Heroism           |       |       |       |     5 |     7 |     2 ||    14
Evoke: Wand              |       |       |       |       |     9 |       ||     9
  Use: Scroll            |       |     6 |     4 |    14 |    14 |     1 ||    39
       Potion            |       |     1 |     1 |     1 |       |       ||     3
 Stab: Sleeping          |       |       |       |       |     6 |       ||     6
       Distracted        |       |       |       |       |     3 |       ||     3
  Eat: Chunk             |     2 |     5 |    10 |    21 |    35 |     1 ||    74
       Royal jelly       |       |       |       |     1 |       |       ||     1
       Fruit             |       |       |       |       |     3 |       ||     3
Armor: Scale mail        |    41 |     3 |       |    30 |   309 |    15 ||   398
       Plate armour      |       |    43 |   110 |   134 |       |       ||   287
       Skin              |       |       |       |     9 |       |       ||     9
Dodge: Dodged            |    27 |    19 |    44 |   110 |   395 |     9 ||   604
       Deflected         |       |       |       |     9 |    12 |       ||    21
Block: Shield            |    48 |    37 |   166 |   297 |   856 |    41 ||  1445
       Reflection        |       |       |       |       |    37 |       ||    37
       Rpst.: Long sword |     9 |     5 |       |       |       |       ||    14
       Falchion          |       |     2 |     8 |    23 |    36 |     4 ||    73
       Demon blade       |       |       |       |       |    23 |       ||    23
       Double sword      |       |       |       |       |    22 |       ||    22
